 Dungeon Crawl Stone Soup version 0.32-a0-132-g2d33c3cfaf (webtiles) character file.

Game seed: 2616265568752726992

1584 Drazool the Digger (level 8, -1/40 HPs)
             Began as a Spriggan Earth Elementalist on Feb 9, 2024.
             Was an Initiate of Vehumet.
             Slain by a skeletal warrior
             ... wielding a +0 mace
              (12 damage)
             ... on level 12 of the Dungeon.
             The game lasted 00:18:03 (5528 turns).

Drazool the Digger (Spriggan Earth Elementalist)    Turns: 5528, Time: 00:18:03

Health: -1/40      AC:  2    Str:  4    XL:     8   Next: 61%
Magic:  16/16      EV: 18    Int: 19    God:    Vehumet [......]
Gold:   304        SH:  0    Dex: 15    Spells: 10/17 levels left

rFire   . . .        x - +0 quarterstaff
rCold   . . .        (shield currently unavailable)
rNeg    . . .        a - +0 robe
rPois   .            (helmet restricted)
rElec   .            (no cloak)
rCorr   .            (gloves unavailable)
SInv    +            (boots unavailable)
Will    ++...        (no amulet)
Stlth   +++          W - ring of willpower
HPRegen 0.26/turn    (no ring)
MPRegen 0.15/turn

%: no passive effects
@: fire susceptible, very quick
A: very small, no large weapons, unfitting armour, see invisible, speed 3
a: Renounce Religion


You were on level 12 of the Dungeon.
You worshipped Vehumet.
Vehumet was noncommittal.
You visited 2 branches of the dungeon, and saw 10 of its levels.
You also visited: Sewer.

You collected 304 gold pieces.


Innate Abilities, Weirdness & Mutations

You are very small and have problems with some larger weapons.
You are too small for most types of armour.
You have supernaturally acute eyesight. (SInv)
You cover ground extremely quickly. (Speed+++)


   Skills:
 + Level 3.5 Fighting
 - Level 4.0 Dodging
 - Level 5.0 Stealth
 - Level 5.0 Spellcasting
 - Level 4.0 Conjurations
 - Level 6.5 Earth Magic
 - Level 2.0 Evocations


You had 10 spell levels left.
You knew the following spells:

 Your Spells              Type           Power      Damage    Failure   Level
a - Passwall              Erth           29%        N/A       2%          3
w - Stone Arrow           Conj/Erth      48%        3d10      4%          3
z - Sandblast             Erth           58%        2d13      1%          1

Your spell library contained the following spells:

 Spells                   Type           Power      Damage    Failure   Level
 Foxfire                  Conj/Fire      48%        2x1d6     5%          1
 Brom's Barrelling Bould  Conj/Erth      24%        2d5       14%         4
 Dazzling Flash           Conj/Hex       24%        N/A       16%         3
 Hailstorm                Conj/Ice       12%        3d6       16%         3
 Petrify                  Alch/Erth      17%        N/A       32%         4
 Summon Ice Beast         Ice/Summ       4%         N/A       36%         3
 Volatile Blastmotes      Fire/Tloc      8%         2d10      36%         3
 Plasma Beam              Fire/Air       2%         2x1d12    100%        6
 Sculpt Simulacrum        Ice/Alch       2%         N/A       100%        6
 Starburst                Conj/Fire      6%         6d4       100%        6
 Maxwell's Capacitive Co  Air            2%         ∞         100%        8

Inventory:

Hand Weapons
 x - a +0 quarterstaff (weapon)
Missiles
 s - a throwing net {=f}
Armour
 a - a +0 robe (worn)
Jewellery
 W - a ring of willpower (left hand)
Wands
 g - a wand of acid (2)
 q - a wand of iceblast (4)
 t - a wand of polymorph (4)
Scrolls
 c - a scroll of amnesia {unknown}
 d - 2 scrolls of enchant weapon
 h - a scroll of silence {unknown}
 i - a scroll of blinking {unknown}
 k - 3 scrolls of enchant armour
 m - 3 scrolls of teleportation {@r2}
 u - a scroll of immolation {unknown}
 v - a scroll of vulnerability {unknown}
Potions
 b - a potion of magic
 e - 6 potions of curing {@q1}
 f - 2 potions of brilliance {unknown}
 j - 2 potions of enlightenment {unknown}
 l - a potion of degeneration {unknown}
 n - a potion of might {unknown}
 o - 3 potions of heal wounds {@q2}
 p - a potion of invisibility {unknown}
 r - 2 potions of resistance {unknown}
 w - a potion of cancellation {unknown}

Dungeon Overview and Level Annotations

Branches:
Dungeon (12/15)            Temple (1/1) D:5           Sewer (visited)
   Lair: D:8-11         Orc: D:9-12

Altars:
Dithmenos
Elyvilon
Gozag
Kikubaaqudgha
Nemelex Xobeh
Trog
Uskayaw
Vehumet
Wu Jian
Yredelemnul
Zin
The Shining One
Ignis

Annotations:
D:4 1 runed translucent door, Crazy Yiuf
D:12 exclusions: door, two-headed ogre and wraith

#############
#...zz@.....# ######
#.....z.>...# .....#
####...z......... .....#
#..'..z........#.
.....###.##.........Y.#
.....'...##...........#
.....######.........YY..
.....# #?..........Y▒
##'### ####.##+##


You could see 5 skeletal warriors and 4 yaks.


Message History

Unknown command.
As you close the door, it creaks loudly!
Press: ? - help, v - describe, . - travel A closed door.
Placed new exclusion.
Reduced exclusion size to a single square.
There is an open door here.
You open the door.
There is an open door here.
You open the door.
There is an open door here.
There is an open door here.
Unknown command. 3 skeletal warriors come into view.
A skeletal warrior is wielding a +2 halberd of pain.
Found a scroll labelled VOLATO XIHELLE.
There is an open door here.
Found a stone staircase leading down.
The skeletal warrior hits you with a +0 long sword!!
Ouch! That really hurt!
* * * LOW HITPOINT WARNING * * *
A yak comes into view.
Found a bone wand.
The yak bellows!
Unknown command.
A yak comes into view. x2
A yak comes into view.
There is a stone staircase leading up here.
The skeletal warrior hits you with a +0 mace!
You die...

Skill      XL: |  1  2  3  4  5  6  7  8 |
---------------+-------------------------+-----
Conjurations   | 1 2 4 |  4.0
Earth Magic    | 3 5 6 |  6.5
Spellcasting   | 3 4 5 |  5.0
Dodging        | 3 4 |  4.0
Fighting       | 1 3 |  3.5
Evocations     | 2 |  2.0
Stealth        | 5 |  5.0

Action                     |  1- 3 |  4- 6 |  7- 9 || total
---------------------------+-------+-------+-------++-------
  Melee: Quarterstaff      |       |       |     1 ||     1
   Cast: Sandblast         |    61 |    72 |    44 ||   177
         Stone Arrow       |       |       |    18 ||    18
    Use: Scroll            |     4 |     1 |     4 ||     9
 Armour: Robe              |     5 |     5 |    17 ||    27
  Dodge: Dodged            |    13 |    12 |    26 ||    51

Levels and vault maps discovered:
D:1:      psy_arrival_statuary, layout_basic
D:2:      layout_loops_cross, shapermc_ecumenical_altar_venn,
          serial_bayou_lake_a
D:3:      layout_loops_ring, amcnicky_altar_gilded, lemuel_round_altar,
          portal_sewer_entry_f
D:4:      layout_rooms, uniq_duvessa, uniq_crazy_yiuf_cottage, uniq_natasha
D:5:      layout_basic, led_sif_book, nemelex_xobeh_ov_fountains_minmay,
          minmay_temple_entry_overgrown, interstate_on_off
D:8:      minmay_bloctagon, layout_rooms, jmf_multi_god_temple2
D:9:      layout_cave_pools, gammafunk_temple_overflow_pools,
          nicolae_underground_beach
D:10:     minmay_twisted_water, layout_basic,
          nicolae_hepliaklqana_monster_ancestors, mainiacjoe_overflow_alcove_2,
          grunt_lair_entry_orc_guard_hut
D:12:     layout_roguey, serial_shops, kennysheep_mini,
          nicolae_shop_tiny_statue_garden, nicolae_letterblocks
          [nicolae_letter_subblock, nicolae_letter_subblock,
          nicolae_letter_subblock, nicolae_letter_subblock,
          nicolae_letter_subblock, nicolae_letter_subblock,
          nicolae_letter_subblock, nicolae_letter_subblock,
          nicolae_letter_subblock, nicolae_letter_subblock,
          nicolae_letter_subblock, nicolae_letter_subblock,
          nicolae_letter_subblock, nicolae_letter_subblock,
          nicolae_letter_subblock, nicolae_letter_subblock,
          nicolae_letter_subblock, nicolae_letter_subblock,
          nicolae_letter_subblock, nicolae_letter_subblock,
          nicolae_letter_subblock, nicolae_letter_subblock,
          nicolae_letter_subblock, nicolae_letter_subblock,
          nicolae_letter_subblock]
Temple:   nicolae_temple_bog_church

Notes
Turn   | Place    | Note
-------+----------+-------------------------------------------
     0 | D:1      | Drazool the Spriggan Earth Elementalist began the quest for
                  | the Orb.
     0 | D:1      | Reached XP level 1. HP: 9/9 MP: 5/5
    65 | D:1      | Reached skill level 1 in Conjurations
   166 | D:1      | Reached XP level 2. HP: 13/13 MP: 2/6
   483 | D:1      | Reached skill level 2 in Conjurations
   975 | D:2      | Found a faded altar of an unknown god.
   988 | D:2      | Prayed at the altar of an unknown god.
   988 | D:2      | Became a worshipper of Ignis, the Dying Flame
  1010 | D:2      | Reached skill level 3 in Earth Magic
  1010 | D:2      | Reached XP level 3. HP: 16/16 MP: 6/8
  1014 | D:2      | Learned a level 3 spell: Stone Arrow
  1018 | D:2      | Learned a level 3 spell: Passwall
  1239 | D:2      | Identified the +0 sling of Jixarch {drain, rF+ Str-3 Int+4}
  1726 | D:3      | Reached skill level 3 in Spellcasting
  1726 | D:3      | Reached skill level 3 in Dodging
  1726 | D:3      | Reached skill level 1 in Fighting
  1804 | D:3      | Found a glowing drain.
  1882 | Sewer    | Entered a sewer
  1913 | Sewer    | Reached XP level 4. HP: 22/22 MP: 4/9
  2055 | Sewer    | Noticed a brain worm
  2108 | Sewer    | Killed a brain worm
  2109 | Sewer    | Reached XP level 5. HP: 9/26 MP: 2/10
  2244 | Sewer    | Reached skill level 4 in Earth Magic
  2471 | D:3      | Found a basalt altar of Yredelemnul.
  2881 | D:3      | Found an opulent altar of Gozag.
  3242 | D:4      | Reached skill level 5 in Earth Magic
  3242 | D:4      | Reached XP level 6. HP: 30/30 MP: 9/11
  3571 | D:4      | Reached skill level 6 in Earth Magic
  3758 | D:4      | Reached XP level 7. HP: 34/34 MP: 6/12
  3868 | D:4      | Found a runed translucent door.
  3869 | D:4      | Noticed Crazy Yiuf
  3941 | D:4      | Noticed Natasha
  3943 | D:4      | Killed Natasha
  3957 | D:4      | Noticed Dowan
  3991 | D:4      | Noticed Natasha
  3995 | D:4      | Killed Natasha
  4013 | D:4      | Noticed Duvessa
  4019 | D:4      | Killed Duvessa
  4020 | D:4      | Reached skill level 3 in Conjurations
  4110 | D:4      | Killed Dowan
  4187 | D:4      | Noticed Natasha
  4189 | D:4      | Killed Natasha
  4198 | D:5      | Entered Level 5 of the Dungeon
  4440 | D:5      | Reached skill level 4 in Conjurations
  4472 | D:5      | Reached skill level 4 in Spellcasting
  4522 | D:5      | Reached XP level 8. HP: 37/38 MP: 12/15
  4658 | D:5      | Reached skill level 5 in Spellcasting
  4658 | D:5      | Reached skill level 1 in Evocations
  4663 | D:5      | Reached skill level 2 in Evocations
  4749 | D:5      | Found a staircase to the Ecumenical Temple.
  4757 | Temple   | Entered the Ecumenical Temple
  4782 | Temple   | Fell from the grace of Ignis
  4782 | Temple   | Became a worshipper of Vehumet
  4916 | D:5      | Reached skill level 4 in Dodging
  4916 | D:5      | Reached skill level 2 in Fighting
  5057 | D:5      | Found a sparkling altar of Nemelex Xobeh.
  5080 | D:5      | You fall into a shaft and drop 3 floors!
  5091 | D:8      | You fall into a shaft and drop 2 floors!
  5091 | D:10     | Entered Level 10 of the Dungeon
  5112 | D:10     | Reached skill level 3 in Fighting
  5112 | D:10     | Reached skill level 4 in Stealth
  5143 | D:10     | Noticed a komodo dragon
  5151 | D:10     | Reached skill level 5 in Stealth
  5370 | D:9      | You fall into a shaft and drop 3 floors!
  5420 | D:12     | Noticed a two-headed ogre
  5452 | D:12     | Noticed a skeletal warrior
  5452 | D:12     | Noticed a skeletal warrior
  5490 | D:12     | Noticed a boulder beetle
  5521 | D:12     | Noticed a skeletal warrior
  5521 | D:12     | Noticed a skeletal warrior
  5521 | D:12     | Noticed a skeletal warrior
  5528 | D:12     | Slain by a skeletal warrior

Vanquished Creatures
  A yak (D:10)
  Duvessa (D:4)
  An orc warrior (D:5)
  An ice beast (D:10)
  3 ogres
  A centaur (D:5)
  2 brain worms (Sewer)
  3 scorpions
  Dowan (D:4)
  A killer bee (D:9)
  A bombardier beetle (D:4)
  A hound (D:5)
  An orc priest (D:10)
  2 orc wizards (D:5)
  Natasha (thrice) (D:4)
  2 iguanas
  7 adders
  2 river rats (Sewer)
  A shadow imp (D:5)
  A ribbon worm (D:4)
  9 orcs
  6 ball pythons
  5 bats
  6 endoplasms
  5 giant cockroaches
  6 goblins
  6 hobgoblins
  3 jackals (D:1)
  2 quokkas
  10 frilled lizards
  3 kobolds
  8 rats
105 creatures vanquished.

Table legend: (Time is in decaauts)
 A = Elapsed time spent in this place.
 B = Non-inter-level travel time spent in this place.
 C = Inter-level travel time spent in this place.
 D = Time resting spent in this place.
 E = Time spent auto-exploring this place.
 F = Levels seen in this place.
 G = Mean time per level.
                   A        B        C        D        E       F      G
               +--------+--------+--------+--------+--------+-----+--------+
         Total |   4330 |   4185 |    145 |    801 |   2567 |  11 |  393.6 |
       Dungeon |   3553 |   3438 |    115 |    425 |   2336 |   9 |  394.8 |
        Temple |    230 |    201 |     29 |    190 |      0 |   1 |  230.0 |
         Sewer |    546 |    546 |      0 |    186 |    230 |   1 |  546.0 |
               +--------+--------+--------+--------+--------+-----+--------+

Top non-repeatable levels by time:
     D:3: 789 daAuts
     D:1: 718 daAuts
     D:4: 676 daAuts
   Sewer: 546 daAuts
     D:5: 511 daAuts
     D:2: 500 daAuts
  Temple: 230 daAuts
    D:10: 169 daAuts
    D:12: 117 daAuts
     D:9: 62 daAuts
     D:8: 6 daAuts

Table legend:
 A = Non-vault XP
 B = Vault XP
 C = Vault XP percentage of total XP
 D = Non-vault monster count
 E = Vault monster count
 F = Vault count percentage of total count
                 A         B        C        D         E       F
            +---------+---------+-------+---------+---------+-------
      Total |    1618 |     646 |  28.5 |      77 |      28 |  26.7
            +---------+---------+-------+---------+---------+-------
        D:1 |      39 |       0 |   0.0 |      21 |       0 |   0.0
        D:2 |       5 |       0 |   0.0 |       4 |       0 |   0.0
        D:3 |      64 |       8 |  11.1 |      13 |       4 |  23.5
        D:4 |     491 |     249 |  33.6 |      16 |       3 |  15.8
        D:5 |     632 |       0 |   0.0 |      17 |       0 |   0.0
        D:9 |      61 |       0 |   0.0 |       1 |       0 |   0.0
       D:10 |     246 |     129 |  34.4 |       4 |       1 |  20.0
     Temple |      80 |       0 |   0.0 |       1 |       0 |   0.0
      Sewer |       0 |     260 | 100.0 |       0 |      20 | 100.0
            +---------+---------+-------+---------+---------+-------
